 Dungeon Crawl Stone Soup version 0.22-a0-301-gf0fe05c (webtiles) character file.

85010 4thArraOfDagon the Black Belt (level 15, -1/159 HPs)
             Began as a Black Draconian Ice Elementalist on Mar 26, 2018.
             Was a High Priest of Lugonu.
             Splashed by a deep elf sorcerer's acid (13 damage)
             ... on level 3 of the Elven Halls.
             The game lasted 01:30:38 (18394 turns).

4thArraOfDagon the Black Belt (DrIE)               Turns: 18394, Time: 01:30:38

Health: -1/159     AC: 28    Str: 10    XL:     15   Next: 36%
Magic:  23/29      EV: 15    Int: 24    God:    Lugonu [*****.]
Gold:   807        SH:  0    Dex: 12    Spells: 27/34 levels left

rFire    + . .     SeeInvis .     - Unarmed
rCold    . . .     Gourm    .   (no shield)
rNeg     + . .     Faith    .   (armour unavailable)
rPois    ∞         Spirit   .   C - +2 hat
rElec    +         Reflect  .   x - scarf {repulsion}
rCorr    .         Harm     .   (gloves currently unavailable)
MR       ++...     Rnd*Rage +   (boots currently unavailable)
Stlth    ++........             E - amulet of rage
HPRegen  0.36/turn              q - +2 ring of intelligence
MPRegen  0.21/turn              B - ring of protection from fire

@: statue-form, repel missiles, very slow
A: (breathe lightning), unfitting armour, big wings, berserk 1, magic resistance
1, poison resistance, electricity resistance, cold-blooded, AC +9
a: Fly, End Transformation, Depart the Abyss, Bend Space, Banish, Corrupt, Enter
the Abyss, Renounce Religion, Evoke Berserk Rage


You were on level 3 of the Elven Halls.
You worshipped Lugonu.
Lugonu was extremely pleased with you.
You were not hungry.
You were a stone statue.
You visited 3 branches of the dungeon, and saw 20 of its levels.
You visited the Abyss 1 time.
You visited 1 bazaar.

You collected 1954 gold pieces.
You spent 1147 gold pieces at shops.

Inventory:

Hand Weapons
 c - a +3 dagger of venom
 t - a +1 falchion of slicing
 z - the +5 war axe of the Other Side {venom, rC+++ MP+9 Int-4 Dex+3}
   (You found it on level 7 of the Dungeon)

   It poisons the flesh of those it strikes.
   It affects your intelligence (-4).
   It affects your dexterity (+3).
   It renders you almost immune to cold.
   It affects your magic capacity (+9).
 I - the +8 rapier "Dothroati" {drain, +Fly rPois rF- Stlth-}
   (You found it on level 14 of the Dungeon)

   A truly terrible weapon, it drains the life of those it strikes.
   It makes you vulnerable to fire.
   It protects you from poison.
   It lets you fly.
   It makes you less stealthy.
 O - the +8 great mace of the Equinox {protect, Int+3 SInv}
   (You took it off a deep elf annihilator on level 3 of the Elven Halls)

   It protects the one who uses it against injury (+AC on strike).
   It affects your intelligence (+3).
   It lets you see invisible.
Armour
 d - a +0 cloak of invisibility
 x - a scarf of repulsion (worn)
 y - a +2 pair of boots (melded)
 C - a +2 hat (worn)
 F - a +1 pair of gloves (melded)
Jewellery
 i - an uncursed ring of flight
 q - a +2 ring of intelligence (left hand)
 A - an uncursed amulet of magic regeneration
 B - a ring of protection from fire (right hand)
 E - an amulet of rage (around neck)
 K - an uncursed ring of see invisible
Wands
 k - a wand of flame (39)
 r - a wand of paralysis (4)
 L - a wand of polymorph (11)
Scrolls
 a - 7 scrolls of blinking
 e - 3 scrolls of remove curse
 g - 6 scrolls of teleportation
 n - 2 scrolls of fear
 o - a scroll of noise
 p - a scroll of enchant weapon
 s - 2 scrolls of fog
 u - a scroll of brand weapon
Potions
 f - 2 potions of brilliance
 h - 2 potions of flight
 j - a potion of might
 l - 3 potions of curing
 m - 3 potions of haste
 w - 2 potions of berserk rage
 D - 5 potions of mutation
 J - a potion of invisibility
 M - a potion of ambrosia
Comestibles
 b - 15 rations
 v - a chunk of flesh


   Skills:
 - Level 8.5 Fighting
 - Level 7.0 Dodging
 - Level 1.7 Stealth
 - Level 17.0 Unarmed Combat
 - Level 10.0 Spellcasting
   Level 1.0 Conjurations
 * Level 9.3 Transmutations
 - Level 4.5 Ice Magic
 * Level 7.7 Earth Magic
 - Level 7.3 Invocations
 - Level 3.0 Evocations


You had 27 spell levels left.
You knew the following spells:

 Your Spells              Type           Power        Failure   Level  Hunger
a - Freeze                Ice            ####         1%          1    None
b - Statue Form           Tmut/Erth      ######...    24%         6    ######.


Dungeon Overview and Level Annotations

Branches:
Dungeon (15/15)            Temple (0/1) D:6            Lair (0/6) D:11
    Orc (2/2) D:9             Elf (3/3) Orc:2
 Vaults: D:13-14     Depths: D:15

Altars:
Qazlal
Beogh
Lugonu

Shops:
D:4 %   D:6 [*   Orc:2 [([}[[[

Annotations:
D:2 Sigmund
D:10 ORCS?
D:13 Erolcha
Orc:2 corrupted
Elf:2 2 runed doors


Innate Abilities, Weirdness & Mutations

((You can breathe wild blasts of lightning.))
((Your glossy black scales are hard. (AC +9)))
You cannot fit into any form of body armour.
Your large and strong wings let you fly indefinitely.
You are resistant to electric shocks. (rElec)
You are cold-blooded and may be slowed by cold attacks.
You tend to lose your temper in combat.
You are resistant to hostile enchantments. (MR+)
Your system is resistant to poisons. (rPois)


Message History

Unknown command.
You barely miss the deep elf sorcerer.
The deep elf sorcerer is severely wounded.
The deep elf sorcerer closely misses you.
The deep elf sorcerer completely misses you.
Unknown command.
You barely miss the deep elf sorcerer.
Your tail-slap misses the deep elf sorcerer.
The deep elf sorcerer is severely wounded.
The deep elf sorcerer casts a spell at you.
You easily resist.
Unknown command.
You hit the deep elf sorcerer but do no damage.
Your tail-slap misses the deep elf sorcerer.
The deep elf sorcerer is severely wounded.
The deep elf sorcerer casts a spell at you.
The bolt of acid hits you!
* * * LOW HITPOINT WARNING * * *
You are splashed with acid!
The acid burns!
You die...

#........ #....)...
#....##.. #.#####..
####........ #......####.
#(##.#.# #.
########(##.#.####.
#.8.[)[[.##........
#e#####[.####.##...
#.#####..####.##...
#.##..........##...
###.##.##.###.#......
########......##.###.#......
#.......)#...........#......
#.############.#####.####...
#.#.##########.## #.# #...


You could see a deep elf sorcerer.

Vanquished Creatures
  Nikola (Elf:1)
  A deep elf blademaster (Elf:3)
  3 deep elf demonologists
  3 deep elf annihilators (Elf:3)
  A deep elf death mage (Elf:3)
  2 deep elf high priests (Elf:3)
  An ogre mage (Orc:2)
  3 hydras
  7 dancing weapons
  7 two-headed ogres
  3 orc high priests
  18 deep elf knights
  An orc knight (Orc:1)
  12 deep elf archers
  46 deep elf magi
  Pikel (D:8)
  7 orc sorcerers
  A cyclops (D:12)
  3 centaur zombies
  A spiny frog (shapeshifter) (D:14)
  8 trolls
  3 slime creatures (D:12)
  2 dream sheep (D:8)
  2 hippogriffs
  A water elemental (Elf:2)
  10 yaks
  8 air elementals
  A shadow (D:13)
  A fire elemental (Orc:2)
  Grum (D:8)
  2 hungry ghosts
  2 vampire mosquitoes (D:13)
  2 wargs
  4 hell hounds
  32 orc warriors
  An ice beast (D:8)
  2 phantoms
  An eye of draining (D:8)
  8 ogres
  A hornet zombie (D:8)
  2 wolves
  A boggart (D:15)
  6 centaurs
  5 big kobolds
  A gnoll sergeant (D:13)
  3 earth elementals
  5 bullfrogs
  2 wyvern skeletons
  4 scorpions
  A killer bee (D:11)
  3 howler monkeys
  5 wights (D:10)
  6 crimson imps
  A bullfrog skeleton (D:5)
  A quasit (D:8)
  2 bullfrog zombies
  5 centaur skeletons
  3 jellies (D:8)
  8 hounds
  18 orc priests
  6 iguanas
  18 orc wizards
  11 worker ants
  A killer bee zombie (D:6)
  A hound skeleton (D:10)
  A worker ant zombie (D:10)
  Robin (D:4)
  11 gnolls
  A howler monkey skeleton (D:7)
  4 adders
  4 shadow imps
  2 oozes
  3 worms
  5 dart slugs
  2 leopard geckos
  88 orcs
  7 bats
  2 giant cockroaches (D:5)
  13 goblins
  7 hobgoblins
  8 jackals
  3 quokkas
  A ball python (D:1)
  5 frilled lizards
  18 kobolds
  3 rats
522 creatures vanquished.

Vanquished Creatures (collateral kills)
  A deep elf archer (Elf:1)
  3 orc warriors (Orc:2)
  2 ogres (Orc:2)
  An orc priest (Orc:2)
  An orc wizard (Orc:2)
  3 orcs (Orc:2)
11 creatures vanquished.

Vanquished Creatures (others)
  Saint Roka (Orc:2)
  A centaur warrior (D:14)
  A two-headed ogre (Orc:2)
  An orc high priest (Orc:2)
  A deep elf knight (Elf:3)
  A deep elf mage (Elf:3)
  An orc sorcerer (Orc:2)
  2 ugly things
  2 manticores
  A fire elemental (Elf:3)
  A slave (D:8)
  4 orc warriors (Orc:2)
  A wolf (D:8)
  A hound (D:8)
  4 orc priests (Orc:2)
  An orc wizard (Orc:2)
  6 orcs
  A plant (D:15)
  2 starspawn tentacles (Orc:2)
33 creatures vanquished.

Grand Total: 566 creatures vanquished

Notes
Turn   | Place    | Note
-------+----------+-------------------------------------------
     0 | D:1      | 4thArraOfDagon the Draconian Ice Elementalist began the quest for the Orb.
     0 | D:1      | Reached XP level 1. HP: 14/14 MP: 3/3
   130 | D:1      | Reached XP level 2. HP: 18/20 MP: 1/5
   378 | D:2      | Reached XP level 3. HP: 15/26 MP: 6/6
   470 | D:1      | You fall through a shaft!
   482 | D:2      | Noticed Sigmund
   624 | D:2      | Reached skill level 1 in Unarmed Combat
   640 | D:2      | Reached XP level 4. HP: 23/34 MP: 7/7
   666 | D:2      | Reached skill level 1 in Fighting
   871 | D:3      | Found a faded altar of an unknown god.
   920 | D:3      | Became a worshipper of Lugonu the Unformed
   920 | D:3      | Reached * piety under Lugonu
   920 | D:3      | Reached ** piety under Lugonu
  1316 | D:3      | You fall through a shaft for 2 floors!
  1316 | D:5      | Entered Level 5 of the Dungeon
  1378 | D:4      | Reached skill level 2 in Unarmed Combat
  1383 | D:4      | Noticed Robin
  1407 | D:4      | Killed Robin
  1510 | D:4      | Reached XP level 5. HP: 23/41 MP: 5/8
  1518 | D:4      | Reached skill level 1 in Invocations
  1844 | D:4      | Reached skill level 3 in Unarmed Combat
  1872 | D:4      | Reached XP level 6. HP: 24/49 MP: 5/9
  1979 | D:4      | HP: 1/50 [gnoll (4)]
  2167 | D:4      | Reached *** piety under Lugonu
  2262 | D:4      | Found Sitappul's Food Boutique.
  2465 | D:5      | Reached skill level 4 in Unarmed Combat
  2756 | D:5      | Your scales start taking on a glossy black colour.
  2756 | D:5      | Reached XP level 7. HP: 56/57 MP: 8/10
  2756 | D:5      | Gained mutation: You are resistant to electric shocks. (rElec) [Black Draconian growth]
  3265 | D:6      | Found Axefrop's Assorted Antiques.
  3279 | D:6      | Reached skill level 5 in Unarmed Combat
  3291 | D:6      | Bought a sedimented puce potion for 20 gold pieces
  3291 | D:6      | Bought a scroll labeled DINLIR UDAT for 23 gold pieces
  3291 | D:6      | Bought a scroll labeled VIMIMI NIKIEREO for 23 gold pieces
  3371 | D:6      | HP: 1/58 [ogre/giant club (15)]
  3538 | D:6      | Gained mutation: You are resistant to hostile enchantments. (MR+) [potion of mutation]
  3538 | D:6      | Gained mutation: You tend to lose your temper in combat. [potion of mutation]
  3538 | D:6      | Gained mutation: Your system is resistant to poisons. (rPois) [potion of mutation]
  3654 | D:6      | Found Nenwetosch's Armour Boutique.
  3679 | D:6      | Reached XP level 8. HP: 66/66 MP: 11/11
  3821 | D:6      | Found a staircase to the Ecumenical Temple.
  4011 | D:6      | Identified the Tome of the Escort
  4206 | D:6      | Reached skill level 6 in Unarmed Combat
  4388 | D:7      | Upgraded the game from 0.22-a0-299-g43f9854 to 0.22-a0-301-gf0fe05c
  4526 | D:7      | Got a warped war axe
  4557 | D:7      | Identified the +5 war axe of the Other Side {venom, rC+++ MP+9 Int-4 Dex+3} (You found it on level 7 of the Dungeon)
  4629 | D:8      | Reached skill level 5 in Fighting
  4650 | D:8      | Noticed a two-headed ogre
  4654 | D:8      | Killed a two-headed ogre
  4654 | D:8      | Reached skill level 7 in Unarmed Combat
  4654 | D:8      | Reached skill level 5 in Invocations
  4654 | D:8      | Reached XP level 9. HP: 61/75 MP: 11/13
  4690 | D:8      | Reached skill level 5 in Dodging
  4691 | D:8      | Reached **** piety under Lugonu
  4716 | D:8      | Noticed Grum
  4763 | D:8      | Reached skill level 8 in Unarmed Combat
  4870 | D:8      | Noticed Pikel
  4886 | D:8      | Killed Pikel
  4988 | D:7      | Reached XP level 10. HP: 75/84 MP: 14/14
  5030 | D:8      | Reached skill level 9 in Unarmed Combat
  5088 | D:8      | Noticed a two-headed hydra
  5091 | D:8      | Killed a one-headed hydra
  5153 | D:8      | Noticed a manticore
  5155 | D:8      | Banished a manticore
  5217 | D:8      | Reached skill level 10 in Unarmed Combat
  5351 | D:9      | Found a staircase to the Orcish Mines.
  5589 | D:8      | Killed Grum
  5799 | D:10     | Entered Level 10 of the Dungeon
  5965 | D:10     | Reached skill level 11 in Unarmed Combat
  6003 | D:10     | Reached ***** piety under Lugonu
  6323 | D:10     | Reached XP level 11. HP: 45/92 MP: 16/16
  6603 | D:12     | Reached skill level 12 in Unarmed Combat
  6665 | D:11     | Found a staircase to the Lair.
  6872 | D:12     | Found a stormy altar of Qazlal.
  7045 | D:12     | Noticed a red ugly thing
  7093 | D:13     | Noticed a five-headed hydra
  7098 | D:13     | Reached skill level 1 in Evocations
  7319 | D:13     | Noticed a two-headed ogre
  7343 | D:13     | Killed a two-headed ogre
  7343 | D:13     | Reached skill level 13 in Unarmed Combat
  7425 | D:15     | Entered Level 15 of the Dungeon
  7457 | D:14     | Got a translucent rapier
  7468 | D:14     | Noticed a five-headed hydra
  7501 | D:14     | Killed a five-headed hydra
  7509 | D:14     | Identified the +8 rapier "Dothroati" {drain, +Fly rPois rF- Stlth-} (You found it on level 14 of the Dungeon)
  7577 | D:14     | Noticed a centaur warrior
  7588 | D:14     | Banished a centaur warrior
  7649 | D:14     | Noticed a cyan ugly thing
  7657 | D:14     | Banished a cyan ugly thing
  7660 | D:14     | Noticed a cyan ugly thing
  7660 | D:14     | Noticed a cyan ugly thing
  7695 | D:15     | Noticed a four-headed hydra
  7709 | D:15     | Killed a four-headed hydra
  7709 | D:15     | Reached skill level 14 in Unarmed Combat
  7795 | D:15     | Noticed a fire giant
  7896 | D:15     | Noticed a centaur warrior
  7916 | D:14     | Noticed a cyan ugly thing
  7924 | D:14     | Banished a cyan ugly thing
  7949 | D:13     | Reached XP level 12. HP: 76/100 MP: 15/17
  8152 | D:13     | Noticed Erolcha
  8231 | D:12     | Noticed a two-headed ogre
  8248 | D:12     | Killed a two-headed ogre
  8335 | D:12     | Reached skill level 15 in Unarmed Combat
  8467 | Orc:1    | Entered Level 1 of the Orcish Mines
  8472 | Orc:2    | Entered Level 2 of the Orcish Mines
  8472 | Orc:2    | Found Pyrerchou's Armour Shoppe.
  8600 | Orc:2    | Noticed a two-headed ogre
  8643 | Orc:2    | Noticed an orc high priest
  8668 | Orc:2    | Killed an orc high priest
  8696 | Orc:2    | Found a flickering gateway to a bazaar.
  8754 | Bazaar   | Entered a bazaar
  8780 | Bazaar   | Found Tuaripnuo's Gadget Shop.
  8810 | Bazaar   | Found Ucsuheank's Gadget Shop.
  8818 | Bazaar   | Found Qamukuen's Distillery.
  8838 | Bazaar   | Found Vodwytz's Distillery.
  8846 | Bazaar   | Bought a potion of heal wounds for 85 gold pieces
  8846 | Bazaar   | Bought a potion of might for 68 gold pieces
  8846 | Bazaar   | Bought a potion of heal wounds for 85 gold pieces
  8866 | Bazaar   | Bought a potion of heal wounds for 45 gold pieces
  8866 | Bazaar   | Bought a potion of heal wounds for 45 gold pieces
  8866 | Bazaar   | Bought a potion of heal wounds for 45 gold pieces
  8866 | Bazaar   | Bought a potion of brilliance for 36 gold pieces
  8866 | Bazaar   | Bought a potion of agility for 36 gold pieces
  8866 | Bazaar   | Bought a potion of berserk rage for 45 gold pieces
  8886 | Bazaar   | Bought a potion of mutation for 136 gold pieces
  8886 | Bazaar   | Bought a potion of mutation for 136 gold pieces
  8886 | Bazaar   | Thaneod: something interesting?
  8910 | Orc:2    | 4thArraOfDagon: nie :(
  8957 | Orc:2    | Found a roughly hewn altar of Beogh.
  8983 | Orc:2    | Thaneod: mi postac zginela przez lagi i missclick;/
  9036 | Orc:2    | Found a roughly hewn altar of Beogh.
  9036 | Orc:2    | Noticed an orc high priest
  9049 | Orc:2    | Killed an orc high priest
  9050 | Orc:2    | Found Luemn's Antique Armour Shop.
  9073 | Orc:2    | Thaneod: berserk amu?
  9128 | Orc:2    | darksquall: tak
  9138 | Orc:2    | Found a roughly hewn altar of Beogh.
  9193 | Orc:2    | Found Ywkuv's Armour Shoppe.
  9230 | Orc:2    | Found Vowaosem's Gadget Shoppe.
  9291 | Orc:2    | Found a staircase to the Elven Halls.
  9305 | Orc:2    | Found a roughly hewn altar of Beogh.
  9319 | Orc:2    | Reached skill level 16 in Unarmed Combat
  9330 | Orc:2    | Found Yce Xiag's Antique Armour Boutique.
  9338 | Orc:2    | Bought an embroidered hat for 119 gold pieces
  9362 | Orc:2    | Noticed an ogre mage
  9362 | Orc:2    | Noticed a two-headed ogre
  9374 | Orc:2    | Noticed a two-headed ogre
  9376 | Orc:2    | Noticed a two-headed ogre
  9384 | Orc:2    | Noticed a two-headed ogre
  9384 | Orc:2    | Killed a two-headed ogre
  9388 | Orc:2    | Killed a two-headed ogre
  9391 | Orc:2    | Killed a two-headed ogre
  9396 | Orc:2    | Killed an ogre mage
  9404 | Orc:2    | Killed a two-headed ogre
  9420 | Orc:2    | Banished a two-headed ogre
  9449 | Orc:2    | Found a roughly hewn altar of Beogh.
  9496 | Orc:2    | Found a roughly hewn altar of Beogh.
  9757 | Orc:2    | Reached skill level 17 in Unarmed Combat
  9757 | Orc:2    | Reached XP level 13. HP: 89/105 MP: 18/18
  9934 | Orc:2    | Noticed Saint Roka
  9935 | Orc:2    | Corrupted Orc:2
  9935 | Orc:2    | Noticed a tentacled starspawn
  9941 | Orc:2    | Noticed a bone dragon
  9941 | Orc:2    | Noticed a starcursed mass
  9948 | Orc:2    | Killed Saint Roka
  9950 | Orc:2    | Noticed a deep elf sorcerer
 10088 | Orc:2    | Found Usifrahu's Antique Weapon Boutique.
 10089 | Orc:2    | Found a roughly hewn altar of Beogh.
 10090 | Orc:2    | Found Vialem's Antique Armour Shop.
 10171 | Orc:1    | Noticed Gastronok
 10451 | Orc:1    | Found a roughly hewn altar of Beogh.
 10477 | Orc:1    | p0werm0de: https://cdn.discordapp.com/attachments/405305228305629197/427906125946552331/DSC01829.JPG
 10511 | Orc:1    | p0werm0de: 8)
 10631 | Orc:1    | Thaneod: I hope she was+18!
 10751 | Orc:1    | p0werm0de: only few hrs old sry
 11004 | Orc:1    | Thaneod: I will call to Bundeswehra
 11190 | Orc:2    | Bought an embroidered scarf for 200 gold pieces
 11236 | Elf:1    | Entered Level 1 of the Elven Halls
 11250 | Elf:1    | Reached skill level 5 in Spellcasting
 11919 | Elf:2    | Reached ****** piety under Lugonu
 12075 | Elf:3    | Entered Level 3 of the Elven Halls
 12409 | Elf:3    | Noticed a deep elf annihilator
 12427 | Elf:3    | Killed a deep elf annihilator
 12447 | Elf:3    | Reached skill level 10 in Spellcasting
 12447 | Elf:3    | Thaneod: !
 12481 | Elf:3    | Got a slimy great mace {protect}
 12506 | Elf:3    | Identified the +8 great mace of the Equinox {protect, Int+3 SInv} (You took it off a deep elf annihilator on level 3 of the Elven Halls)
 12771 | Elf:3    | Gained mutation: Your large and strong wings let you fly indefinitely. [Black Draconian growth]
 12771 | Elf:3    | Reached XP level 14. HP: 114/114 MP: 28/28
 13224 | Elf:3    | Learned a level 6 spell: Statue Form
 13339 | Elf:3    | Reached skill level 1 in Transmutations
 13420 | Elf:3    | Reached skill level 1 in Earth Magic
 14874 | Elf:1    | Identified Ihitevy's Volume of Companions
 14924 | Elf:1    | Reached skill level 5 in Transmutations
 15142 | Elf:1    | HP: 6/174 [deep elf mage/long sword of protection (4)]
 15518 | Elf:1    | Noticed Nikola
 15544 | Elf:1    | Killed Nikola
 15544 | Elf:1    | Reached skill level 5 in Earth Magic
 16222 | Elf:1    | Sergey: are you going to switch lugonu in extended ?
 16951 | Elf:1    | p0werm0de: dont think arra switches gods much
 16981 | Elf:1    | p0werm0de: lugonu is pretty good no?
 16992 | Elf:1    | Sergey: I saw he switched lugonu for TSO
 17036 | Elf:1    | Sergey: with MiAK
 17068 | Elf:1    | Reached XP level 15. HP: 67/123 MP: 29/29
 17184 | Elf:1    | Sergey: but lugonu is nice, ye
 17216 | Elf:1    | Sergey: can formicid use lugonu's blink ?
 17218 | Elf:1    | p0werm0de: k
 17220 | Elf:1    | p0werm0de: yea
 17248 | Elf:1    | p0werm0de: and the escape to abyss is also pretty dope lategame
 17286 | Elf:1    | p0werm0de: as is corrupt which is capable of killing panlords
 17346 | Elf:1    | Thaneod: yeah
 17378 | Elf:1    | Thaneod: and also it is soo funny too
 17437 | Elf:1    | Sergey: ye, when abyss contain cerebov, seraph, serpent of hell etc
 17872 | Elf:2    | Found a runed gate.
 17872 | Elf:2    | Found a runed gate.
 18292 | Elf:3    | Noticed a deep elf sorcerer
 18307 | Elf:3    | Noticed a deep elf blademaster
 18326 | Elf:3    | Killed a deep elf blademaster
 18327 | Elf:3    | Cast into level 2 of the Abyss (a deep elf sorcerer)
 18333 | Abyss:2  | Found a corrupted altar of Lugonu.
 18364 | Abyss:2  | Noticed a tentacled monstrosity
 18388 | Elf:3    | Escaped the Abyss
 18394 | Elf:3    | Splashed by a deep elf sorcerer's acid

Vault maps used:
D:1:      dpeg_arrival_renting
D:2:      nicolae_ru_the_path_less_chosen, minmay_rat_hole, uniq_sigmund
D:3:      chequers_ecumenical_altar_simple, serial_forest,
          infiniplex_forest_lined_3_way, infiniplex_forest_straight_2,
          infiniplex_forest_lined_room_3, infiniplex_forest_lined_corner,
          infiniplex_forest_lined_3, infiniplex_forest_clump_curved,
          infiniplex_forest_end_3
D:4:      serial_shops, shop_fountains, first_ration, uniq_robin
D:5:      kennysheep_generic_room_3
D:6:      minmay_temple_entry_glassed_door, serial_shops, shop, shop_fountains,
          minivault_24, kennysheep_generic_room_10
D:8:      hangedman_ranch, uniq_grum, uniq_pikel
D:9:      orc_0_dummy
D:10:     david_defended_altar_orc
D:11:     minmay_lair_entry_lava, serial_shops, shop
D:12:     lemuel_statue_altar, uniq_azrael
D:13:     hangedman_vaults_entry_quadrant_bands, serial_glass, glass_columns_b,
          glass_columns_c, glass_columns_c, glass_columns_a, glass_columns_a,
          glass_columns_a, glass_columns_a, glass_columns_a, item_on_display_a,
          item_on_display_a, uniq_erolcha
D:14:     grunt_decor_cap
D:15:     grunt_enter_depths_giant_problem, serial_bayou_shore_a, serial_shops,
          nicolae_shop_stone
Orc:1:    basic_altar, uniq_gastronok
Orc:2:    grunt_orc_community_town_hall, grunt_orc_community_big_house_1,
          grunt_orc_community_big_house_2, grunt_orc_community_house_2,
          grunt_orc_community_house_3, grunt_orc_community_house_1,
          grunt_orc_community_house_2, grunt_orc_community_house_2,
          serial_shops, bzr_entry_gold, shop_coins, nicolae_shop_waterfront,
          shop, portal_ice_cave_entry_pillars_2
Elf:1:    eino_elf_arrival_shootout, minmay_elf_demonology, spider_trap,
          uniq_nikola
Elf:2:    patterned_corridor
Elf:3:    elf_hall
Abyss:2:  hangedman_summoners_spam, minivault_20, minivault_26
Bazaar:   dpeg_bazaar_wands

Skill      XL: |  1  2  3  4  5  6  7  8  9 10 11 12 13 14 15 |
---------------+----------------------------------------------+-----
Ice Magic      | 4 |  4.5
Unarmed Combat | 1 2 3 4 5 7 8 11 14 17 | 17.0
Fighting       | 1 2 3 4 5 6 7 8 |  8.5
Dodging        | 2 3 4 5 7 |  7.0
Invocations    | 1 2 3 5 6 7 |  7.3
Evocations     | 3 |  3.0
Spellcasting   | 10 | 10.0
Transmutations | 7 9 |  9.3
Earth Magic    | 6 7 |  7.7
Stealth        | |  1.7
Conjurations   | |  1.0

Action                   |  1- 3 |  4- 6 |  7- 9 | 10-12 | 13-15 || total
-------------------------+-------+-------+-------+-------+-------++-------
Melee: Dagger            |    38 |   109 |    27 |       |       ||   174
       Tailslap          |     3 |    12 |    20 |    82 |    90 ||   207
       Punch             |       |     1 |     7 |    41 |    46 ||    95
       Unarmed           |       |     9 |   145 |   775 |   990 ||  1919
       Falchion          |       |       |       |     3 |       ||     3
 Cast: Freeze            |    22 |    43 |    28 |       |       ||    93
       Statue Form       |       |       |       |       |     6 ||     6
Invok: Banish            |       |       |     1 |    11 |     4 ||    16
       Bend Space        |       |       |       |       |     1 ||     1
       Corrupt           |       |       |       |       |     1 ||     1
       Depart the Abyss  |       |       |       |       |     1 ||     1
 Abil: Breathe Lightning |       |       |    15 |    18 |       ||    33
       Evoke Berserk Rag |       |       |       |    21 |    49 ||    70
       End Transformatio |       |       |       |       |     2 ||     2
Evoke: Wand              |       |       |    21 |    25 |     4 ||    50
       Phantom mirror    |       |       |       |       |     1 ||     1
  Use: Scroll            |     1 |     1 |     8 |    11 |     8 ||    29
       Potion            |       |     1 |     5 |     2 |    12 ||    20
 Stab: Sleeping          |     9 |     1 |     3 |     2 |     2 ||    17
       Paralysed         |       |       |       |    22 |       ||    22
  Eat: Chunk             |       |     7 |     6 |    32 |    53 ||    98
       Ration            |       |       |     2 |     3 |    10 ||    15
Armor: Skin              |    21 |    31 |   101 |   210 |   248 ||   611
Dodge: Dodged            |    43 |    71 |   152 |   472 |   436 ||  1174
       Deflected         |       |       |       |       |    48 ||    48

Table legend:
 A = Spawn XP
 B = Non-spawn XP
 C = Spawn XP percentage of total XP
 D = Spawn monster count
 E = Non-spawn monster count
 F = Spawn count percentage of total count
 G = Total turns spent on level
                    A         B        C        D         E        F      G
               +---------+---------+-------+---------+---------+-------+---------
         Total |     458 |  120985 |   0.4 |       3 |     541 |   0.6 | 18394
               +---------+---------+-------+---------+---------+-------+---------
           D:1 |       0 |      32 |   0.0 |       0 |      17 |   0.0 |   311
           D:2 |       0 |      79 |   0.0 |       0 |      25 |   0.0 |   434
           D:3 |       0 |      34 |   0.0 |       0 |       8 |   0.0 |   781
           D:4 |       0 |     380 |   0.0 |       0 |      31 |   0.0 |   877
           D:5 |       0 |     508 |   0.0 |       0 |      14 |   0.0 |   893
           D:6 |       0 |     860 |   0.0 |       0 |      18 |   0.0 |  1091
           D:7 |       0 |     496 |   0.0 |       0 |       7 |   0.0 |   305
           D:8 |       0 |    6103 |   0.0 |       0 |      43 |   0.0 |   664
           D:9 |       0 |     460 |   0.0 |       0 |      19 |   0.0 |   487
          D:10 |       0 |    2416 |   0.0 |       0 |      40 |   0.0 |   674
          D:11 |       0 |    1111 |   0.0 |       0 |      10 |   0.0 |   170
          D:12 |       0 |    4642 |   0.0 |       0 |      22 |   0.0 |   695
          D:13 |       0 |    4379 |   0.0 |       0 |      30 |   0.0 |   543
          D:14 |       0 |    2951 |   0.0 |       0 |       8 |   0.0 |   279
          D:15 |       0 |    1605 |   0.0 |       0 |       4 |   0.0 |   263
         Orc:1 |       0 |    3075 |   0.0 |       0 |      30 |   0.0 |   843
         Orc:2 |       0 |   14257 |   0.0 |       0 |      98 |   0.0 |  1863
         Elf:1 |       0 |   38581 |   0.0 |       0 |      61 |   0.0 |  3620
         Elf:2 |       0 |   13694 |   0.0 |       0 |      22 |   0.0 |  1820
         Elf:3 |       0 |   25322 |   0.0 |       0 |      34 |   0.0 |  1577
       Abyss:2 |     458 |       0 | 100.0 |       3 |       0 | 100.0 |    61
               +---------+---------+-------+---------+---------+-------+---------
